 Dungeon Crawl Stone Soup version 0.23-a0-704-g7fdf9c5 (webtiles) character file.

199 emperorscorpion the Sneak (level 5, -1/36 HPs)
             Began as a Vampire Enchanter on Jan 14, 2019.
             Slain by an orc
             ... wielding a +0 hand axe
              (6 damage)
             ... on level 4 of the Dungeon.
             The game lasted 00:07:27 (3748 turns).

emperorscorpion the Sneak (Vampire Enchanter)       Turns: 3748, Time: 00:07:28

Health: -1/36      AC:  4    Str:  7    XL:     5   Next: 48%
Magic:  0/9        EV: 13    Int: 18    God:
Gold:   194        SH:  0    Dex: 15    Spells: 1/10 levels left

rFire    . . .     SeeInvis +   b - +0 short sword (venom)
rCold    + + .     Gourm    .   (no shield)
rNeg     + + +     Faith    .   q - +0 robe
rPois    ∞         Spirit   .   (no helmet)
rElec    .         Reflect  .   (no cloak)
rCorr    .         Harm     .   (no gloves)
MR       .....                  (no boots)
Stlth    +++++.....             (no amulet)
HPRegen  0.00/turn              g - +2 ring of protection
MPRegen  0.11/turn              (no ring)

@: bloodless, non-regenerating
A: fangs 3, see invisible, screaming 1, wild magic 1, unbreathing, MP-powered
wands
a: Bat Form


You were on level 4 of the Dungeon.
You were bloodless.

You visited 1 branch of the dungeon, and saw 4 of its levels.

You collected 194 gold pieces.

Inventory:

Hand Weapons
 a - a +1 dagger
 b - a +0 short sword of venom (weapon)
 s - a cursed -3 rapier
 t - a +0 blowgun
Missiles
 k - 4 poisoned needles
 l - 8 javelins (quivered)
 p - 7 tomahawks
Armour
 f - a +4 ring mail
 n - a +0 buckler
 q - a +0 robe (worn)
Jewellery
 g - a +2 ring of protection (left hand)
Wands
 m - a wand of flame (11)
 u - a wand of clouds (3)
Scrolls
 c - 4 scrolls of identify {unknown}
 e - a scroll of immolation {unknown}
 i - 2 scrolls of enchant weapon {unknown}
 j - 2 scrolls of remove curse {unknown}
 o - 2 scrolls of blinking {unknown}
 r - a scroll of teleportation {unknown}
 w - a scroll of magic mapping {unknown}
Potions
 d - 25 potions of blood
 v - a potion of magic {unknown}
 x - 2 potions of berserk rage


   Skills:
 + Level 0.5 Fighting
 + Level 2.0 Short Blades
 + Level 2.6 Dodging
 + Level 6.7 Stealth
 + Level 3.1 Spellcasting
 + Level 5.3 Hexes
 + Level 1.0 Ice Magic


You had one spell level left.
You knew the following spells:

 Your Spells              Type           Power        Failure   Level  Hunger
a - Corona                Hex            ####...      3%          1    None
b - Ensorcelled Hibernat  Hex/Ice        ###...       11%         2    ##.....
c - Confuse               Hex            ####....     9%          3    ###....
d - Dazzling Spray        Conj/Hex       ###...       22%         3    ###....

Your spell library contained the following spells:

 Spells                   Type           Power        Failure   Level  Hunger
 Animate Skeleton         Necr           N/A          22%         1    None
 Pain                     Necr           #...         22%         1    None
 Tukima's Dance           Hex            ####....     9%          3    ###....
 Regeneration             Chrm/Necr      #.........   52%         3    ###....
 Vampiric Draining        Necr           #.........   52%         3    ###....
 Animate Dead             Necr           N/A          89%         4    ####...


Dungeon Overview and Level Annotations

Branches:
Dungeon (4/15)
 Temple: D:4-7

Altars:
Cheibriados
The Shining One


Innate Abilities, Weirdness & Mutations

You do not heal naturally.
You are immune to poison.
You have razor-sharp teeth.
You have supernaturally acute eyesight. (SInv)
You can survive without breathing.
You occasionally shout uncontrollably at your foes.
Your spells are a little harder to cast, but a little more powerful.
You expend magic power (3 MP) to strengthen your wands.


Message History

The orc misses you.
The orc priest calls down the wrath of Beogh upon you.
Beogh smites you!
* * * LOW HITPOINT WARNING * * *
You hit the orc.
The orc is heavily wounded.
The orc hits you with a +0 hand axe.
* * * LOW HITPOINT WARNING * * *
You feel better. The orc hits you with a +0 hand axe.
* * * LOW HITPOINT WARNING * * *
Evoke which item? (* to show all) (? for menu, Esc to quit)
Aiming: Cloud Cone
Press: ? - help, Dir - move target cursor, f/p - orc priest
Aim: an orc priest, wielding a +0 hand axe (moderately wounded, poisoned)
You feel a slight surge of power.
You create a blast of noxious fumes!
The hound is engulfed in noxious fumes.
The hound appears confused.
The hound closely misses the orc priest.
The orc is engulfed in noxious fumes.
The orc appears confused.
The orc hits you with a +0 hand axe.
You die...

# ###. ## ....... ...#> ...
#h###########
#oo@........## ...
#####........# # #.#
#.#####..# . #.# ##+##
#$#####..# . #.# ##...##
#.##.....# .##.# ##.....##
#.##.###.# #.#.#
##.......###.##.###.#
....###...<.....##.#...##.#
....÷.'.........+.........#


You could see a hound (confused), an orc priest and an orc (confused).

Vanquished Creatures
  2 orc wizards
  6 adders
  A dart slug (D:1)
  A leopard gecko (D:3)
  5 orcs
  7 bats
  5 giant cockroaches
  10 goblins
  8 hobgoblins
  6 jackals
  5 quokkas (D:3)
  A ball python (D:3)
  3 frilled lizards (D:3)
  A jackal skeleton (D:4)
  6 kobolds
  10 rats
77 creatures vanquished.

Vanquished Creatures (others)
  A jackal (D:4)
1 creature vanquished.

Grand Total: 78 creatures vanquished

Notes
Turn   | Place    | Note
-------+----------+-------------------------------------------
     0 | D:1      | emperorscorpion the Vampire Enchanter began the quest for
                  | the Orb.
     0 | D:1      | Reached XP level 1. HP: 13/13 MP: 3/3
   585 | D:1      | Reached XP level 2. HP: 19/19 MP: 5/5
   644 | D:1      | Learned a level 2 spell: Ensorcelled Hibernation
   937 | D:1      | Reached skill level 5 in Stealth
  1297 | D:2      | Found a faded altar of an unknown god.
  1662 | D:2      | Found a snail-covered altar of Cheibriados.
  1679 | D:2      | Reached XP level 3. HP: 24/24 MP: 3/6
  2099 | D:3      | Gained mutation: You expend magic power (3 MP) to
                  | strengthen your wands. [potion of mutation]
  2099 | D:3      | Gained mutation: You occasionally shout uncontrollably at
                  | your foes. [potion of mutation]
  2099 | D:3      | Gained mutation: Your spells are a little harder to cast,
                  | but a little more powerful. [potion of mutation]
  2359 | D:3      | Reached skill level 6 in Stealth
  2359 | D:3      | Reached skill level 5 in Hexes
  2359 | D:3      | Reached XP level 4. HP: 19/30 MP: 1/8
  2829 | D:3      | Learned a level 3 spell: Confuse
  3220 | D:3      | Learned a level 3 spell: Dazzling Spray
  3390 | D:3      | Reached XP level 5. HP: 36/36 MP: 9/9
  3490 | D:3      | Found a glowing golden altar of the Shining One.
  3738 | D:4      | Reached skill level 1 in Ice Magic
  3746 | D:4      | HP: 1/36 [orc/+0 hand axe (6)]
  3748 | D:4      | Slain by an orc

Vault maps used:
D:1:      nicolae_arrival_somewhat_less_tricky_arrival
D:2:      cheibriados_altar_1, first_ration,
          chequers_ecumenical_altar_simple_redux
D:3:      nicolae_overflow_crystal_walls, minmay_fractal_squares_5
D:4:      lemuel_doored_altar, fiery_altar_vehumet, serial_shops, shop

Skill      XL: |  1  2  3  4  5 |
---------------+----------------+-----
Stealth        | 5 6 |  6.7
Hexes          | 5 |  5.3
Spellcasting   | 3 |  3.1
Short Blades   | 2 |  2.0
Ice Magic      | 1 |  1.0
Fighting       | |  0.5
Dodging        | |  2.6

Action                   |  1- 3 |  4- 6 || total
-------------------------+-------+-------++-------
Melee: Dagger            |    78 |    15 ||    93
       Bite              |     4 |     5 ||     9
       Short sword       |     3 |    81 ||    84
 Cast: Corona            |     4 |       ||     4
       Ensorcelled Hiber |    22 |    17 ||    39
Evoke: Wand              |     1 |     1 ||     2
  Use: Potion            |    10 |     1 ||    11
 Stab: Sleeping          |    26 |    19 ||    45
       Distracted        |       |     1 ||     1
Armor: Robe              |    20 |    17 ||    37
Dodge: Dodged            |    49 |    60 ||   109

Table legend:
 A = Non-vault XP
 B = Vault XP
 C = Vault XP percentage of total XP
 D = Non-vault monster count
 E = Vault monster count
 F = Vault count percentage of total count
                 A         B        C        D         E       F
            +---------+---------+-------+---------+---------+-------
      Total |     267 |      18 |   6.3 |      73 |       4 |   5.2
            +---------+---------+-------+---------+---------+-------
        D:1 |      28 |       0 |   0.0 |      17 |       0 |   0.0
        D:2 |      19 |       0 |   0.0 |      12 |       0 |   0.0
        D:3 |     157 |      18 |  10.3 |      37 |       4 |   9.8
        D:4 |      63 |       0 |   0.0 |       7 |       0 |   0.0
            +---------+---------+-------+---------+---------+-------
